 Dungeon Crawl Stone Soup version 0.28-a0-447-g1f95980246 (webtiles) character file.

Game seed: 13461180905659324059

64 frimble the Sneak (level 4, -5/29 HPs)
             Began as an Octopode Warper on Sept 13, 2021.
             Killed from afar by an orc wizard (7 damage)
             ... with a magic dart
             ... on level 2 of the Dungeon.
             The game lasted 00:02:37 (1910 turns).

frimble the Sneak (Octopode Warper)                 Turns: 1910, Time: 00:02:37

Health: -5/29      AC:  1    Str: 10    XL:     4   Next: 12%
Magic:  5/7        EV: 13    Int: 16    God:
Gold:   20         SH:  0    Dex: 11    Spells: 5/7 levels left

rFire   . . .      SeeInvis .   a - +0 short sword
rCold   . . .      Faith    .   (no shield)
rNeg    . . .      Spirit   .   (helmet restricted)
rPois   +          Reflect  .   (no amulet)
rElec   .          Harm     .   g - ring of poison resistance
rCorr   .          Rampage  .   (no ring)
Will    .....                   (no ring)
Stlth   +++.......              (no ring)
HPRegen 0.09/turn               (no ring)
MPRegen 0.10/turn               (no ring)
                                (no ring)
                                (no ring)

@: no status effects
A: almost no armour, amphibious, 8 rings, camouflage 1, gelatinous body 1,
(nimble swimmer 1), tentacles
a: no special abilities


You were on level 2 of the Dungeon.
You visited 1 branch of the dungeon, and saw 3 of its levels.

You collected 20 gold pieces.

Inventory:

Hand Weapons
 a - a +0 short sword (weapon)
Missiles
 c - 5 boomerangs of dispersal (quivered)
Jewellery
 g - a ring of poison resistance (left tentacle)
Scrolls
 b - a scroll of blinking
 d - 2 scrolls of teleportation
 e - 2 scrolls of silence
 h - a scroll of magic mapping


   Skills:
 - Level 2.0 Fighting
 + Level 3.3 Short Blades
 - Level 1.0 Throwing
 - Level 2.3 Dodging
 + Level 3.6 Stealth
 - Level 2.0 Spellcasting
 - Level 3.0 Translocations


You had 5 spell levels left.
You knew the following spells:

 Your Spells              Type           Power      Damage    Failure   Level
a - Blink                 Tloc           N/A        N/A       9%          2

Your spell library contained the following spells:

 Spells                   Type           Power      Damage    Failure   Level
 Gell's Gravitas          Tloc           5%         N/A       19%         3
 Lesser Beckoning         Tloc           11%        N/A       19%         3
 Teleport Other           Tloc           11%        N/A       19%         3
 Manifold Assault         Tloc           11%        N/A       86%         5


Dungeon Overview and Level Annotations

Branches:
Dungeon (3/15)

Altars:

Shops:
D:1 [


Innate Abilities, Weirdness & Mutations

You cannot wear most types of armour.
You are amphibious.
You can wear up to eight rings at the same time.
Your skin changes colour to match your surroundings (Stealth+).
Your rubbery body absorbs attacks. (AC +1, EV +1)
((You are camouflaged near water. (Stealth+)))
You have tentacles for arms and can constrict up to eight enemies at once.


Message History

You climb upwards.
There is a stone staircase leading down here.
Unknown command.
You closely miss the orc wizard. You grab the orc wizard.
You constrict the orc wizard.
The orc wizard points at you and mumbles some strange words.
You are confused.
You barely miss the orc wizard.
The orc wizard is lightly wounded.
You constrict the orc wizard, but do no damage.
The orc wizard hits you with a +0 dagger.
You constrict the orc wizard.
The orc wizard mumbles some strange words.
The orc wizard flickers and vanishes!
Deactivating autopickup; reactivate with Ctrl-A.
You hit something. You constrict something.
You hear some strange, mumbled words.
A magic dart appears from out of thin air!
The magic dart hits you!
* * * LOW HITPOINT WARNING * * *
You bump into the rock wall.
You constrict something. Something hits you.
* * * LOW HITPOINT WARNING * * *
It was a potion of curing.
You feel better.
You constrict something. Something hits you.
* * * LOW HITPOINT WARNING * * *
You hit something. You constrict something.
You hear some strange, mumbled words.
A puff of flame appears from out of thin air!
The puff of flame hits you.
* * * LOW HITPOINT WARNING * * *
You aren't carrying any potions.
Unknown command.
Unknown command.
Unknown command.
Casting: Blink (safe; 9% risk of failure)
Confirm with . or Enter, or press ? or * to list all spells.
You blink.
You lose your grip on something.
A magic dart appears from out of thin air!
The magic dart hits you!
You die...

#####.# #.# ####.....#
#.# ##.....#.)# #.#
#..###.#..# #.######
..##...#.## #.##...#
.##...##.#######.##...#
##....#.†#............#
#....##.########.#....#
#...##..######..@.....#
.)###..##..........######
###...########..........#
...†### ##..........#
.####.# ##.........†.#
### #.# #...#..{..)..#
#.###.# #...###...####
#...#.######...##.§###
###.#...##........##


There were no monsters in sight!

Vanquished Creatures
  2 adders
  An orc (D:2)
  3 bats
  6 endoplasms
  A giant cockroach (D:1)
  7 goblins
  5 hobgoblins
  A quokka (D:2)
  2 ball pythons
  2 frilled lizards
  5 kobolds
  5 rats
40 creatures vanquished.

Notes
Turn   | Place    | Note
-------+----------+-------------------------------------------
     0 | D:1      | frimble the Octopode Warper began the quest for the Orb.
     0 | D:1      | Reached XP level 1. HP: 14/14 MP: 3/3
     9 | D:1      | Noticed a bullfrog
    54 | D:1      | Reached skill level 1 in Stealth
   116 | D:1      | Found Noen's Antique Armour Shoppe.
   134 | D:1      | Reached XP level 2. HP: 18/19 MP: 5/5
   816 | D:1      | Reached XP level 3. HP: 24/24 MP: 6/6
  1410 | D:1      | Learned a level 2 spell: Blink
  1899 | D:3      | Reached XP level 4. HP: 15/29 MP: 7/7
  1908 | D:2      | HP: 1/29 [something/puff of flame (6)]
  1910 | D:2      | Killed from afar by an orc wizard

Illustrated notes

Levels and vault maps discovered:
D:1:      evilmike_arrival_come_back, layout_loops_ring, serial_shops,
          nicolae_diamond_shop
D:2:      minmay_evil_eye, layout_rooms, corexii_shack
D:3:      layout_loops_ring, bloody_makhleb

Skill      XL: |  1  2  3 |
---------------+----------+-----
Stealth        | 1 2 3 |  3.6
Short Blades   | 3 |  3.3
Fighting       | |  2.0
Throwing       | |  1.0
Dodging        | |  2.3
Spellcasting   | |  2.0
Translocations | |  3.0

Action                   |  1- 3 |  4- 6 || total
-------------------------+-------+-------++-------
Melee: Short sword       |    78 |     4 ||    82
       Constrict         |    19 |     1 ||    20
       Tentacles         |    10 |       ||    10
 Cast: Blink             |       |     1 ||     1
  Use: Scroll            |     7 |       ||     7
       Potion            |       |     1 ||     1
 Stab: Sleeping          |    15 |       ||    15
Armor: Skin              |     8 |       ||     8
Dodge: Dodged            |    32 |     1 ||    33

Table legend: (Time is in decaauts)
 A = Elapsed time spent in this place.
 B = Non-inter-level travel time spent in this place.
 C = Inter-level travel time spent in this place.
 D = Time resting spent in this place.
 E = Time spent auto-exploring this place.
 F = Levels seen in this place.
 G = Mean time per level.
                   A        B        C        D        E       F      G
               +--------+--------+--------+--------+--------+-----+--------+
         Total |   1907 |   1830 |     77 |     21 |   1546 |   3 |  635.7 |
       Dungeon |   1907 |   1830 |     77 |     21 |   1546 |   3 |  635.7 |
               +--------+--------+--------+--------+--------+-----+--------+

Top non-repeatable levels by time:
     D:1: 1071 daAuts
     D:2: 828 daAuts
     D:3: 7 daAuts
